 Dungeon Crawl Stone Soup version 0.21-a0-591-g2314aa1 (webtiles) character file.

177 Amnesiac the Chucker (level 5, -2/54 HPs)
             Began as an Ogre Arcane Marksman on Dec 22, 2017.
             Slain by an elf zombie (4 damage)
             ... on level 4 of the Dungeon.
             The game lasted 00:03:28 (1623 turns).

Amnesiac the Chucker (Ogre Arcane Marksman)         Turns: 1623, Time: 00:03:29

Health: -2/54      AC:  3    Str: 14    XL:     5   Next: 57%
Magic:  7/8        EV: 10    Int: 14    God:
Gold:   60         SH:  0    Dex: 10    Spells: 7/8 levels left

rFire    . . .     SeeInvis .   e - +0 spear
rCold    . . .     Gourm    .   (no shield)
rNeg     . . .     Faith    .   a - +0 robe
rPois    .         Spirit   .   (helmet restricted)
rElec    .         Reflect  .   (no cloak)
rCorr    .         Harm     .   (gloves unavailable)
MR       .....                  (boots unavailable)
Stlth    +.........             (no amulet)
HPRegen  0.18/turn              (no ring)
MPRegen  0.11/turn              (no ring)

@: no status effects
A: large, unfitting armour, tough skin 1
a: no special abilities


You were on level 4 of the Dungeon.
You were hungry.

You visited 1 branch of the dungeon, and saw 3 of its levels.

You collected 60 gold pieces.

Inventory:

Hand Weapons
 e - a +0 spear (weapon)
 n - a +0 short sword of venom
Missiles
 h - 32 stones (quivered)
Armour
 a - a +0 robe (worn)
Jewellery
 m - an uncursed ring of protection from fire {unknown}
Scrolls
 g - a scroll of teleportation {!r, unknown}
Potions
 k - a potion of might {!q}
Books
 b - a book of Debilitation

   Spells                             Type                      Level
   a - Corona                         Hexes                        1
   b - Slow                           Hexes                        2
   c - Inner Flame                    Hexes/Fire                   3
   d - Portal Projectile              Hexes/Translocation          3
   e - Cause Fear                     Hexes                        4
   f - Leda's Liquefaction            Hexes/Earth                  4
Comestibles
 f - 2 rations


   Skills:
 + Level 3.6 Fighting
 * Level 4.2 Throwing
 - Level 1.7 Dodging
 - Level 2.1 Spellcasting
 - Level 3.1 Hexes


You had 7 spell levels left.
You knew the following spells:

 Your Spells              Type           Power        Failure   Level  Hunger
a - Corona                Hex            ##.....      7%          1    #......


Dungeon Overview and Level Annotations

Branches:
Dungeon (2/15)

Altars:


Innate Abilities, Weirdness & Mutations

You are too large for most types of armour.
You have tough skin. (AC +1)


Message History

Aim: an elf zombie (heavily damaged)
You throw a throwing net.
The throwing net barely misses the elf zombie.
The elf zombie hits you!
* * * LOW HITPOINT WARNING * * *
Quiver which item? (- for none, * to show all) (? for menu, Esc to quit)
Quivering
i - 4 large rocks for throwing.
Casting: Corona
Confirm with . or Enter, or press ? or * to list all spells.
Aiming: Corona
Press: ? - help, Shift-Dir - straight line, f/p - elf zombie
Aim: an elf zombie (heavily damaged, chance to defeat MR: 54%)
The elf zombie struggles to resist.
Casting: Corona
Confirm with . or Enter, or press ? or * to list all spells.
You don't know that spell.
Casting: Corona
Confirm with . or Enter, or press ? or * to list all spells.
You don't know that spell.
Casting: Corona
Confirm with . or Enter, or press ? or * to list all spells.
Aiming: Corona
Press: ? - help, Shift-Dir - straight line, f/p - elf zombie
Aim: an elf zombie (heavily damaged, chance to defeat MR: 54%)
The elf zombie is outlined in light.
The elf zombie closely misses you.
Throwing (i - inventory. (,) - cycle):
i - 4 large rocks (quivered)
Press: ? - help, Shift-Dir - straight line, f/p - elf zombie
Aim: an elf zombie (heavily damaged, softly glowing)
You throw a large rock.
The large rock barely misses the elf zombie.
The elf zombie barely misses you. The elf zombie hits you.
* * * LOW HITPOINT WARNING * * *
Throwing (i - inventory. (,) - cycle):
i - 3 large rocks (quivered)
Press: ? - help, Shift-Dir - straight line, f/p - elf zombie
Aim: an elf zombie (heavily damaged, softly glowing)
You throw a large rock.
The large rock hits the elf zombie but does no damage.
The elf zombie is heavily damaged.
The elf zombie hits you!
* * * LOW HITPOINT WARNING * * *
Throwing (i - inventory. (,) - cycle):
i - 2 large rocks (quivered)
Press: ? - help, Shift-Dir - straight line, f/p - elf zombie
Aim: an elf zombie (heavily damaged, softly glowing)
You throw a large rock.
The large rock hits the elf zombie but does no damage.
The elf zombie is heavily damaged.
The elf zombie hits you but does no damage.
The elf zombie hits you.
* * * LOW HITPOINT WARNING * * *
Okay, then.
Quiver which item? (- for none, * to show all) (? for menu, Esc to quit)
Okay, then.
Okay, then.
Throwing (i - inventory. (,) - cycle):
i - a large rock (quivered)
Press: ? - help, Shift-Dir - straight line, f/p - elf zombie
Aim: an elf zombie (heavily damaged, softly glowing)
You throw a large rock. The large rock hits the elf zombie!!
The elf zombie is almost destroyed.
The elf zombie stops glowing.
The elf zombie hits you.
* * * LOW HITPOINT WARNING * * *
You barely miss the elf zombie.
The elf zombie is almost destroyed.
The elf zombie hits you.
You die...

#......)...........
#.......)).........
#..................
##########.........
#......... #+#+#
##...####. +...+
####'##### ###.(.#
#......... #@Z..(+
#.........
###'#'###)........
#.'.#...+)..####+#
#########)..#
#....# #....#
#....# #....#
#....#


You could see an elf zombie.

Vanquished Creatures
  2 orc priests (D:4)
  An orc wizard (D:4)
  A human skeleton (D:4)
  A worker ant (D:4)
  3 dart slugs (D:1)
  5 orcs (D:4)
  2 ball pythons (D:1)
  A giant cockroach (D:1)
  5 hobgoblins (D:1)
  3 kobolds (D:1)
  A bat (D:1)
  4 frilled lizards (D:1)
  4 goblins (D:1)
  3 rats (D:1)
36 creatures vanquished.

Notes
Turn   | Place    | Note
-------+----------+-------------------------------------------
     0 | D:1      | Amnesiac the Ogre Arcane Marksman began the quest for the Orb.
     0 | D:1      | Reached XP level 1. HP: 19/19 MP: 2/2
   309 | D:1      | Reached XP level 2. HP: 21/28 MP: 4/4
   661 | D:1      | Reached XP level 3. HP: 33/35 MP: 3/5
  1258 | D:2      | You fall through a shaft for 2 floors!
  1266 | D:4      | Reached skill level 3 in Throwing
  1266 | D:4      | Reached XP level 4. HP: 14/44 MP: 4/7
  1308 | D:4      | Reached XP level 5. HP: 11/53 MP: 8/8
  1316 | D:4      | Reached skill level 4 in Throwing
  1622 | D:4      | HP: 2/54 [elf zombie (1)]
  1623 | D:4      | Slain by an elf zombie

Vault maps used:
D:1:      eino_arrival_cavern_c, serial_forest, infiniplex_forest_lined_2,
          infiniplex_forest_clump_cross, infiniplex_forest_clump_C,
          infiniplex_forest_clump_large, infiniplex_forest_lined_2,
          infiniplex_forest_zigzag_1, infiniplex_forest_diagonal,
          infiniplex_forest_fountain, st_stairs_1, minmay_hexomino_u4
D:2:      st_stairs_12
D:4:      fedhas_altar_3, nicolae_overflow_hidden_temple,
          minmay_temple_entry_butterflies, nicolae_ossuary_entry_catacombs

Skill      XL: |  1  2  3  4  5 |
---------------+----------------+-----
Fighting       | 2 3 |  3.6
Throwing       | 3 4 |  4.2
Spellcasting   | 2 |  2.1
Hexes          | 3 |  3.1
Dodging        | |  1.7

Action                   |  1- 3 |  4- 6 || total
-------------------------+-------+-------++-------
Melee: Spear             |    81 |    30 ||   111
       Unarmed           |    12 |       ||    12
Throw: Stone             |    28 |     1 ||    29
       Large rock        |     4 |     8 ||    12
       Throwing net      |     1 |     1 ||     2
 Cast: Corona            |     5 |     2 ||     7
  Use: Potion            |       |     4 ||     4
 Stab: Sleeping          |     1 |       ||     1
       Held in net/web   |     1 |       ||     1
  Eat: Chunk             |     1 |     1 ||     2
Armor: Robe              |    15 |     3 ||    18
       Skin              |       |    30 ||    30
Dodge: Dodged            |    42 |     8 ||    50

Table legend:
 A = Spawn XP
 B = Non-spawn XP
 C = Spawn XP percentage of total XP
 D = Spawn monster count
 E = Non-spawn monster count
 F = Spawn count percentage of total count
 G = Total turns spent on level
                    A         B        C        D         E        F      G
               +---------+---------+-------+---------+---------+-------+---------
         Total |       0 |     254 |   0.0 |       0 |      36 |   0.0 |  1623
               +---------+---------+-------+---------+---------+-------+---------
           D:1 |       0 |      48 |   0.0 |       0 |      26 |   0.0 |  1245
           D:4 |       0 |     206 |   0.0 |       0 |      10 |   0.0 |   365
               +---------+---------+-------+---------+---------+-------+---------
